BSA
KANSAS CITY KINGS @ HENDERSONVILLE HITMEN
05/30/2030
 
TOP OF THE 1ST
Kansas City Kings batting - Pitching for Hendersonville Hitmen : RHP Júlio Torres
Pitching: RHP Júlio Torres
Batting: SHB Douglas Taylor 0-0: Ball
1-0: Swinging Strike
1-1: Ball
2-1: Foul Ball, location: 2F
2-2: Fly out, F8 (Flyball, 8RD)
Batting: RHB Chris Chandler 0-0: Called Strike
0-1: Called Strike
0-2: Ball
1-2: Foul Ball, location: 2F
1-2: Ball
2-2: DOUBLE (Line Drive, 7LS)
Batting: RHB Toshimichi Kono 0-0: Ball
1-0: Called Strike
1-1: Foul Ball, location: 2F
1-2: DOUBLE (Line Drive, 7LM)
Chris Chandler scores
Batting: RHB Dave Parker 0-0: Called Strike
0-1: Ball
1-1: Swinging Strike
1-2: Strikes out swinging
Batting: LHB Luis González 0-0: Ball
1-0: Foul Ball, location: 2F
1-1: Swinging Strike
1-2: Ground out 3-1 (Groundball, 3S)
Top of the 1st over - 1 run, 2 hits, 0 errors, 1 left on base; Kansas City 1 - Hendersonville 0
BOTTOM OF THE 1ST
Hendersonville Hitmen batting - Pitching for Kansas City Kings : RHP Robinson Alomar
Pitching: RHP Robinson Alomar
Batting: SHB Félix Montoya 0-0: Ball
1-0: Ground out U3 (Groundball, 3S)
Batting: RHB Felipe Jareño 0-0: Called Strike
0-1: Foul Ball, location: 2F
0-2: Ball
1-2: Ball
2-2: SINGLE (Flyball, 9S)
Batting: LHB Robert Phillips 0-0: Called Strike
0-1: Called Strike
0-2: Strikes out looking
Batting: SHB Rick Turner 0-0: Foul Ball, location: 2F
0-1: Ball
1-1: Ball
2-1: Called Strike
2-2: DOUBLE (Groundball, 3L)
Felipe Jareño to third
Batting: LHB Pedro Rodríguez 0-0: Called Strike
0-1: Ball
1-1: Swinging Strike
1-2: Ground out 5-3 (Groundball, 5)
Bottom of the 1st over - 0 runs, 2 hits, 0 errors, 2 left on base; Kansas City 1 - Hendersonville 0
TOP OF THE 2ND
Kansas City Kings batting - Pitching for Hendersonville Hitmen : RHP Júlio Torres
Batting: RHB Eduardo García 0-0: Ball
1-0: Foul Ball, location: 2F
1-1: Ball
2-1: Foul Ball, location: 2F
2-2: DOUBLE (Line Drive, 89D)
Batting: RHB Cy Keynes 0-0: Ball
1-0: Swinging Strike
1-1: Foul Ball, location: 2F
1-2: Ground out 6-3 (Groundball, 6)
Eduardo García to third
Batting: RHB Rafael Carreón 0-0: Called Strike
0-1: Foul Ball, location: 2F
0-2: Ball
1-2: Foul Ball, location: 2F
1-2: Ball
2-2: Ball
3-2: Single, Error in OF, E9, batter to second base
Eduardo García scores
Batting: LHB Ron Crawford 0-0: Ball
1-0: Ball
2-0: Called Strike
2-1: SINGLE (Line Drive, 34)
Rafael Carreón to third
Batting: SHB Douglas Taylor 0-0: Called Strike
Ron Crawford steals 2nd base
0-1: Ball
1-1: Ball
2-1: Swinging Strike
2-2: Strikes out looking
Batting: RHB Chris Chandler 0-0: Swinging Strike
0-1: Fly out, F7 (Line Drive, 7)
Top of the 2nd over - 1 run, 3 hits, 1 error, 2 left on base; Kansas City 2 - Hendersonville 0
BOTTOM OF THE 2ND
Hendersonville Hitmen batting - Pitching for Kansas City Kings : RHP Robinson Alomar
Batting: LHB Tommy Payne 0-0: Swinging Strike
0-1: Ball
1-1: Foul Ball, location: 2F
1-2: Ball
2-2: Ball
3-2: Strikes out swinging
Batting: RHB Ron Glass 0-0: Ball
1-0: Ground out 6-3 (Groundball, 6MD)
Batting: LHB Milo Glenn 0-0: Called Strike
0-1: Ground out 6-3 (Groundball, 6)
Bottom of the 2nd over - 0 runs, 0 hits, 0 errors, 0 left on base; Kansas City 2 - Hendersonville 0
TOP OF THE 3RD
Kansas City Kings batting - Pitching for Hendersonville Hitmen : RHP Júlio Torres
Batting: RHB Toshimichi Kono 0-0: Called Strike
0-1: Ball
1-1: Ground out 4-3 (Groundball, 4MD)
Batting: RHB Dave Parker 0-0: Called Strike
0-1: Ball
1-1: Ball
2-1: Fly out, F9 (Flyball, 89D)
Batting: LHB Luis González 0-0: Ball
1-0: Foul Ball, location: 2F
1-1: Called Strike
1-2: Fly out, F8 (Flyball, 8RS)
Top of the 3rd over - 0 runs, 0 hits, 0 errors, 0 left on base; Kansas City 2 - Hendersonville 0
BOTTOM OF THE 3RD
Hendersonville Hitmen batting - Pitching for Kansas City Kings : RHP Robinson Alomar
Batting: LHB Miguel García 0-0: Ball
1-0: Ball
2-0: Called Strike
2-1: Called Strike
2-2: Foul Ball, location: 2F
2-2: Foul Ball, location: 2F
2-2: Strikes out swinging
Batting: SHB Félix Montoya 0-0: Ground out U3 (Groundball, 3)
Batting: RHB Felipe Jareño 0-0: Foul Ball, location: 2F
0-1: SINGLE (Groundball, 4S) (infield hit)
Batting: LHB Robert Phillips 0-0: Called Strike
0-1: Called Strike
0-2: Ball
1-2: Foul Ball, location: 2F
1-2: Foul Ball, location: 2F
1-2: Foul Ball, location: 2F
1-2: Ball
2-2: Ball
3-2: Base on Balls
Felipe Jareño to second
Batting: SHB Rick Turner 0-0: Foul Ball, location: 2F
0-1: Ball
1-1: Foul Ball, location: 2F
1-2: Foul Ball, location: 2F
1-2: Ball
2-2: Foul Ball, location: 2F
2-2: SINGLE (Popup, 5D)
Felipe Jareño to third
Robert Phillips to second
Runner from 3rd tries for Home, SAFE, no throw
Batting: LHB Pedro Rodríguez 0-0: Ball
1-0: Foul Ball, location: 2F
1-1: Ball
2-1: Foul Ball, location: 2F
2-2: Strikes out swinging
Bottom of the 3rd over - 1 run, 2 hits, 0 errors, 2 left on base; Kansas City 2 - Hendersonville 1
TOP OF THE 4TH
Kansas City Kings batting - Pitching for Hendersonville Hitmen : RHP Júlio Torres
Batting: RHB Eduardo García 0-0: Ground out U3 (Groundball, 34)
Batting: RHB Cy Keynes 0-0: Fly out, F4 (Line Drive, 4M)
Batting: RHB Rafael Carreón 0-0: Ball
1-0: Called Strike
1-1: Foul Ball, location: 2F
1-2: Foul Ball, location: 2F
1-2: Ball
2-2: Ground out 4-3 (Groundball, 4S)
Top of the 4th over - 0 runs, 0 hits, 0 errors, 0 left on base; Kansas City 2 - Hendersonville 1
BOTTOM OF THE 4TH
Hendersonville Hitmen batting - Pitching for Kansas City Kings : RHP Robinson Alomar
Batting: LHB Tommy Payne 0-0: Called Strike
0-1: Ball
1-1: Ball
2-1: Ball
3-1: Ground out 4-3 (Groundball, 4)
Batting: RHB Ron Glass 0-0: Called Strike
0-1: Ball
1-1: Called Strike
1-2: Foul Ball, location: 2F
1-2: Ball
2-2: Ball
3-2: Foul Ball, location: 2F
3-2: Fly out, F7 (Flyball, 78M)
Batting: LHB Milo Glenn 0-0: Swinging Strike
0-1: Ball
1-1: SINGLE (Groundball, 34D)
Batting: LHB Miguel García 0-0: Ball
1-0: Ball
2-0: Called Strike
2-1: Foul Ball, location: 2F
2-2: Ball
3-2: Strikes out looking
Bottom of the 4th over - 0 runs, 1 hit, 0 errors, 1 left on base; Kansas City 2 - Hendersonville 1
TOP OF THE 5TH
Kansas City Kings batting - Pitching for Hendersonville Hitmen : RHP Júlio Torres
Batting: LHB Ron Crawford 0-0: Swinging Strike
0-1: Called Strike
0-2: Ball
1-2: Strikes out swinging
Batting: SHB Douglas Taylor 0-0: Ball
1-0: Ball
2-0: Swinging Strike
2-1: SINGLE (Groundball, 6MD)
Batting: RHB Chris Chandler 0-0: Fielders Choice at 2nd, 3-6 (Groundball, 3)
Batting: RHB Toshimichi Kono 0-0: SINGLE (Line Drive, 56D)
Chris Chandler to second
Batting: RHB Dave Parker 0-0: Ball
1-0: Ball
2-0: Called Strike
2-1: Swinging Strike
2-2: Fly out, F8 (Flyball, 8LM)
Top of the 5th over - 0 runs, 2 hits, 0 errors, 2 left on base; Kansas City 2 - Hendersonville 1
BOTTOM OF THE 5TH
Hendersonville Hitmen batting - Pitching for Kansas City Kings : RHP Robinson Alomar
Batting: SHB Félix Montoya 0-0: Ball
1-0: Foul Ball, location: 2F
1-1: Foul Ball, location: 2F
1-2: Ball
2-2: Fly out, F8 (Flyball, 8RS)
Batting: RHB Felipe Jareño 0-0: Hit by Pitch
Batting: LHB Robert Phillips 0-0: Ball
1-0: Called Strike
1-1: Fly out, F8 (Line Drive, 8RD)
Batting: SHB Rick Turner 0-0: Ball
1-0: Ball
2-0: Called Strike
2-1: Ball
3-1: Fielders Choice at 2nd, 5-4 (Groundball, 56)
Bottom of the 5th over - 0 runs, 0 hits, 0 errors, 1 left on base; Kansas City 2 - Hendersonville 1
TOP OF THE 6TH
Kansas City Kings batting - Pitching for Hendersonville Hitmen : RHP Júlio Torres
Batting: LHB Luis González 0-0: Fly out, F8 (Flyball, 78M)
Batting: RHB Eduardo García 0-0: Ball
1-0: Foul Ball, location: 2F
1-1: Foul Ball, location: 2F
1-2: Strikes out swinging
Batting: RHB Cy Keynes 0-0: Ball
1-0: Ball
2-0: Called Strike
2-1: Foul Ball, location: 2F
2-2: Foul Ball, location: 2F
2-2: Ground out 6-3 (Groundball, 6D)
Top of the 6th over - 0 runs, 0 hits, 0 errors, 0 left on base; Kansas City 2 - Hendersonville 1
BOTTOM OF THE 6TH
Hendersonville Hitmen batting - Pitching for Kansas City Kings : RHP Robinson Alomar
Pitching: LHP Rob Lucas
Batting: LHB Pedro Rodríguez 0-0: Called Strike
0-1: Ball
1-1: Hit by Pitch
Batting: LHB Tommy Payne 0-0: Called Strike
0-1: Ball
1-1: Grounds into double play, 4-6-3 (Groundball, 4)
Batting: RHB Ron Glass 0-0: Ball
1-0: Called Strike
1-1: Foul Ball, location: 2F
1-2: Ball
2-2: Strikes out swinging
Bottom of the 6th over - 0 runs, 0 hits, 0 errors, 0 left on base; Kansas City 2 - Hendersonville 1
TOP OF THE 7TH
Kansas City Kings batting - Pitching for Hendersonville Hitmen : RHP Júlio Torres
Pitching: RHP Jimmy Banks
Batting: RHB Rafael Carreón 0-0: Called Strike
0-1: Ball
1-1: Foul Ball, location: 2F
1-2: Foul Ball, location: 2F
1-2: Fly out, F9 (Flyball, 9LS)
Batting: LHB Ron Crawford 0-0: Called Strike
0-1: Foul Ball, location: 2F
0-2: Ball
1-2: Strikes out swinging
Batting: SHB Douglas Taylor 0-0: Swinging Strike
0-1: Ball
1-1: Ball
2-1: Called Strike
2-2: Ball
3-2: Strikes out swinging
Top of the 7th over - 0 runs, 0 hits, 0 errors, 0 left on base; Kansas City 2 - Hendersonville 1
BOTTOM OF THE 7TH
Hendersonville Hitmen batting - Pitching for Kansas City Kings : LHP Rob Lucas
Batting: LHB Milo Glenn 0-0: Called Strike
0-1: Ball
1-1: Fly out, F8 (Flyball, 8RXD)
Batting: LHB Miguel García 0-0: Ball
1-0: Called Strike
1-1: Swinging Strike
1-2: Foul Ball, location: 2F
1-2: Ball
2-2: Foul Ball, location: 2F
2-2: Strikes out looking
Batting: SHB Félix Montoya 0-0: Ball
1-0: Ball
2-0: SINGLE (Groundball, 34D)
Batting: RHB Felipe Jareño 0-0: Called Strike
0-1: Ball
1-1: Ball
2-1: Swinging Strike
2-2: Ball
3-2: Ground out 4-3 (Groundball, 4D)
Bottom of the 7th over - 0 runs, 1 hit, 0 errors, 1 left on base; Kansas City 2 - Hendersonville 1
TOP OF THE 8TH
Kansas City Kings batting - Pitching for Hendersonville Hitmen : RHP Jimmy Banks
Batting: RHB Chris Chandler 0-0: Foul Ball, location: 2F
0-1: Ball
1-1: Ball
2-1: Ball
3-1: Foul Ball, location: 2F
3-2: Base on Balls
Batting: RHB Toshimichi Kono 0-0: Called Strike
0-1: Fly out, F7 (Line Drive, 7)
Batting: RHB Dave Parker 0-0: Ball
1-0: Called Strike
Chris Chandler steals 2nd base
1-1: Foul Ball, location: 2F
1-2: 2-RUN HOME RUN (Flyball, 7D), Distance : 395 ft
Pitching: RHP Matthew Scott
Batting: LHB Luis González 0-0: Ball
1-0: Ball
2-0: Called Strike
2-1: Ball
3-1: Fly out, F9 (Flyball, 9S)
Batting: RHB Eduardo García 0-0: Called Strike
0-1: Foul Ball, location: 2F
0-2: Ball
1-2: Ground out 6-3 (Groundball, 6)
Top of the 8th over - 2 runs, 1 hit, 0 errors, 0 left on base; Kansas City 4 - Hendersonville 1
BOTTOM OF THE 8TH
Hendersonville Hitmen batting - Pitching for Kansas City Kings : LHP Rob Lucas
Batting: LHB Robert Phillips 0-0: Ball
1-0: Called Strike
1-1: Foul Ball, location: 2F
1-2: Strikes out swinging
Batting: SHB Rick Turner 0-0: Foul Ball, location: 2F
0-1: Ball
1-1: Ball
2-1: Fly out, F7 (Flyball, 7S)
Batting: LHB Pedro Rodríguez 0-0: Fly out, F8 (Flyball, 78XD)
Bottom of the 8th over - 0 runs, 0 hits, 0 errors, 0 left on base; Kansas City 4 - Hendersonville 1
TOP OF THE 9TH
Kansas City Kings batting - Pitching for Hendersonville Hitmen : RHP Matthew Scott
Batting: RHB Cy Keynes 0-0: Ball
1-0: Foul Ball, location: 2F
1-1: SINGLE (Line Drive, 34)
Batting: RHB Rafael Carreón 0-0: Sac Bunt - play at first, batter OUT! 1-3
Cy Keynes to second
Batting: LHB Ron Crawford 0-0: Called Strike
0-1: Ground out 4-3 (Groundball, 4)
Cy Keynes to third
Batting: SHB Douglas Taylor 0-0: Ball
1-0: SINGLE (Flyball, 9LS)
Cy Keynes scores
Batting: RHB Chris Chandler 0-0: Ball
1-0: Ball
2-0: Called Strike
Douglas Taylor steals 2nd base
2-1: Foul Ball, location: 2F
2-2: Ground out 6-3 (Groundball, 6)
Top of the 9th over - 1 run, 2 hits, 0 errors, 1 left on base; Kansas City 5 - Hendersonville 1
BOTTOM OF THE 9TH
Hendersonville Hitmen batting - Pitching for Kansas City Kings : LHP Rob Lucas
Pitching: RHP Nick Parks
Batting: LHB Tommy Payne 0-0: Ball
1-0: Ball
2-0: Foul Ball, location: 2F
2-1: Called Strike
2-2: DOUBLE (Line Drive, 9LM)
Batting: RHB Ron Glass 0-0: Ball
1-0: SINGLE (Line Drive, 8LS)
Tommy Payne to third
Batting: LHB Milo Glenn 0-0: Ball
1-0: Called Strike
1-1: Fly out, F7 (Flyball, 7S)
Batting: LHB Miguel García 0-0: Ball
1-0: Foul Ball, location: 2F
1-1: Called Strike
1-2: Foul Ball, location: 2F
1-2: Ball
2-2: Ball
3-2: SINGLE (Line Drive, 9S)
Tommy Payne scores
Ron Glass to second
Ron Glass to third
Batting: SHB Félix Montoya 0-0: Ball
1-0: Swinging Strike
1-1: Fly out, F7 (Flyball, 7S)
Batting: RHB Felipe Jareño 0-0: Called Strike
0-1: Ball
1-1: Ball
2-1: Ball
3-1: Foul Ball, location: 2F
3-2: Fly out, F9 (Flyball, 89D)
Bottom of the 9th over - 1 run, 3 hits, 0 errors, 2 left on base; Kansas City 5 - Hendersonville 2
Saturday, April 7th, 2018 - OOTP Baseball 18.8 Build 76